 Dungeon Crawl Stone Soup version 0.31-a0-232-gb1c03b2570 (webtiles) character file.

Game seed: 1939597467604446456

22 qw the Shooter (level 2, 0/17 HPs)
             Began as a Gargoyle Hexslinger on July 7, 2023.
             Slain by a ball python (2 damage)
             ... on level 1 of the Dungeon.
             The game lasted 00:00:11 (273 turns).

qw the Shooter (Gargoyle Hexslinger)                 Turns: 273, Time: 00:00:11

Health: 0/17       AC:  4    Str: 11    XL:     2   Next: 91%
Magic:  3/3        EV:  9    Int: 13    God:
Gold:   73         SH:  0    Dex: 12    Spells: 2/3 levels left

rFire   . . .        a - +1 sling
rCold   . . .        (no shield)
rNeg    + . .        c - +0 robe
rPois   inf          (no helmet)
rElec   +            (no cloak)
rCorr   .            (no gloves)
SInv    .            (no boots)
Will    .....        (no amulet)
Stlth   +            (no ring)
HPRegen 0.22/turn    (no ring)
MPRegen 0.08/turn

%: no passive effects
@: constricted
A: sickness immunity, AC +2, negative energy resistance 1, electricity
resistance, torment resistance 1, petrification resistance
a: no special abilities


You were on level 1 of the Dungeon.
You visited 1 branch of the dungeon, and saw 1 of its levels.

You collected 73 gold pieces.


Innate Abilities, Weirdness & Mutations

You are immune to sickness and miasma.
Your stone body is resilient. (AC +2)
You are immune to poison.
You resist negative energy. (rN+)
You are resistant to electric shocks. (rElec)
You are resistant to unholy torment.
You are immune to petrification.


   Skills:
 + Level 1.8 Fighting
 - Level 3.0 Ranged Weapons
 - Level 1.5 Dodging
 - Level 1.0 Spellcasting
 - Level 2.6 Hexes


You had 2 spell levels left.
You knew the following spells:

 Your Spells              Type           Power      Damage    Failure   Level
a - Slow                  Hex            28%        N/A       10%         1

Your spell library contained the following spells:

 Spells                   Type           Power      Damage    Failure   Level
 Inner Flame              Hex/Fire       4%         N/A       43%         3
 Portal Projectile        Hex/Tloc       8%         N/A       43%         3
 Cause Fear               Hex            3%         N/A       67%         4

Inventory:

Hand Weapons
 a - a +1 sling (weapon)
Armour
 c - a +0 robe (worn)
Scrolls
 b - a scroll of butterflies {unknown}
Potions
 d - a potion of cancellation
 e - a potion of curing {unknown}

Dungeon Overview and Level Annotations

Branches:
Dungeon (1/15)

Altars:


Message History

The sling bullet barely misses the ball python.
The endoplasm quivers.
The ball python closely misses you. x4
You shoot a sling bullet.
The sling bullet barely misses the ball python.
A rat comes into view.
The ball python barely misses you. The ball python closely misses you.
You shoot a sling bullet.
The sling bullet barely misses the ball python.
The ball python bites you. The ball python closely misses you.
A kobold comes into view. It is wielding a +0 whip.
The goblin closely misses you. The ball python barely misses you.
The ball python grabs you. The ball python constricts you.
You shoot a sling bullet. The kobold shouts!
The sling bullet hits the ball python.
The ball python is severely wounded.
The ball python bites you but does no damage.
The ball python constricts you. The rat bites you.
The goblin hits you but does no damage.
You shoot a sling bullet.
The sling bullet barely misses the ball python.
The ball python bites you. The ball python constricts you.
The rat closely misses you. The goblin hits you but does no damage.
The endoplasm freezes you.
You are frozen.
The ball python bites you but does no damage.
The ball python constricts you.
You shoot a sling bullet.
The sling bullet barely misses the ball python.
The rat bites you but does no damage. The goblin barely misses you.
The endoplasm closely misses you. The ball python bites you.
The ball python constricts you.
You shoot a sling bullet.
The sling bullet barely misses the ball python.
The ball python closely misses you. The ball python constricts you.
The rat barely misses you. The goblin hits you with a +0 club.
The endoplasm freezes you.
You are frozen.
The ball python bites you.
You die...

.. #. .# .. (# .#
#..)###.. #.#
#.....#K###..#
#.........#)#
#.......rSg.#####
#........@J......
#.........#######
#.........##
#..........##
#...........#
#.........#.#
##.......##..# #
##...:..# #..#
.##. #.####.# #.#
#...


You could see an endoplasm, a goblin, a ball python, a kobold and a rat.

Vanquished Creatures
  A dart slug (D:1)
  An endoplasm (D:1)
  A giant cockroach (D:1)
  A goblin (D:1)
  2 hobgoblins (D:1)
  2 kobolds (D:1)
  2 quokkas (D:1)
  A ball python (D:1)
  3 bats (D:1)
  3 frilled lizards (D:1)
  A rat (D:1)
18 creatures vanquished.

Notes
Turn   | Place    | Note
-------+----------+-------------------------------------------
     0 | D:1      | qw the Gargoyle Hexslinger began the quest for the Orb.
     0 | D:1      | Reached XP level 1. HP: 12/12 MP: 2/2
     0 | D:1      | 0 ||| qw: Version: 0.3-a-46-gb1f654a
     0 | D:1      | 0 ||| qw: Game counter: 2644
     0 | D:1      | 0 ||| qw: Melee chars always use a shield: true
     0 | D:1      | 0 ||| qw: God list: Okawaru
     0 | D:1      | 0 ||| qw: Allow faded altars: false
     0 | D:1      | 0 ||| qw: Do Orc after clearing Dungeon:15 true
     0 | D:1      | 0 ||| qw: Do second Lair branch before Depths: true
     0 | D:1      | 0 ||| qw: Lair rune preference: random
     0 | D:1      | 0 ||| qw: Goals: Normal
     0 | D:1      | 0 ||| PLANNING D:1-11
   132 | D:1      | Reached XP level 2. HP: 16/16 MP: 3/3
   195 | D:1      | 195 ||| DRINKING 2 metallic brown potions.
   196 | D:1      | 196 ||| DROPPING scroll of poison.
   234 | D:1      | Reached skill level 3 in Ranged Weapons
   273 | D:1      | HP: 3/17 [goblin/+0 club (4)]
   273 | D:1      | Slain by a ball python

Levels and vault maps discovered:
D:1:      dpeg_chamrin_arrival_tetris, layout_rooms, serial_glass,
          glass_columns_b, glass_columns_c, st_stairs_14,
          corexii_hall_statues_deadend, minmay_hexomino_r4

Skill      XL: |  1  2 |
---------------+-------+-----
Ranged Weapons | 3 |  3.0
Fighting       | |  1.8
Dodging        | |  1.5
Spellcasting   | |  1.0
Hexes          | |  2.6

Action                     || total
---------------------------++-------
   Fire: Sling             ||    47
    Use: Potion            ||     1
 Armour: Robe              ||    10
  Dodge: Dodged            ||    21

Table legend:
 A = Non-vault XP
 B = Vault XP
 C = Vault XP percentage of total XP
 D = Non-vault monster count
 E = Vault monster count
 F = Vault count percentage of total count
                 A         B        C        D         E       F
            +---------+---------+-------+---------+---------+-------
      Total |      28 |       4 |  12.5 |      16 |       2 |  11.1
            +---------+---------+-------+---------+---------+-------
        D:1 |      28 |       4 |  12.5 |      16 |       2 |  11.1
            +---------+---------+-------+---------+---------+-------
